AoeStats
← KnightOfHonor

Arena

510327179Analyzed
1v1 RM · 2d ago on Sep 30, 2026· 41m 54s· 2 players
Game mode
Random Map
Map size
Tiny (2 player)
Population
200
Speed
Normal
Resources
Standard
Victory
Conquest
Starting age
Dark Age
Ending age
Imperial Age
RankedLock teamsTeams togetherTeam positionsShared explorationLock speedFull tech treeHidden civsTurbo modeCheats
Victory
Defeat
🇺🇸 Saxons · United States
766
+15
🇲🇽 Varangians · Mexico
754
-15
JoseTezcaltlipoca
0:27 Loom
10:45 Feudal Age
16:22 Castle Age
14:35 Horse Collar
15:11 Double-Bit Axe
17:54 Town Watch
28:34 Forging
30:04 Scale Mail Armor
30:40 Iron Casting
30:43 Squires
31:59 Man-at-Arms
37:30 Wheelbarrow
37:37 Gold Mining
37:38 Stone Mining
KnightOfHonor
4:32 Loom
10:53 Feudal Age
14:13 Double-Bit Axe
18:25 Castle Age
16:39 Horse Collar
17:22 Fletching
17:49 Stone Mining
18:02 Gold Mining
19:55 Wheelbarrow
20:40 Man-at-Arms
21:26 Long Swordsman
22:12 Scale Mail Armor
26:21 Squires
27:05 Murder Holes
26:54 Treadmill Crane
27:53 Ballistics
28:30 Forging
32:41 Gold Shaft Mining
32:18 Bow Saw
32:15 Bodkin Arrow
32:56 Iron Casting
32:50 Heavy Plow
32:48 Arson
34:52 Gambesons
37:25 Chain Mail Armor
38:21 Masonry
39:14 Crossbowman
Connection lost

Rejoining the realm…

Still unreachable

The connection could not be restored.

Session expired

The server has moved on; the page needs a fresh start.